 Dungeon Crawl Stone Soup version 0.30-a0-591-g3c58d2bc28 (webtiles) character file.

Game seed: 15546401205016487040

7 kae the Insei (level 1, 0/15 HPs)
             Began as a Demonspawn Transmuter on Jan 5, 2023.
             Frozen to death by an endoplasm (2 damage)
             ... on level 1 of the Dungeon.
             The game lasted 00:00:16 (408 turns).

kae the Insei (Demonspawn Transmuter)                Turns: 408, Time: 00:00:16

Health: 0/15       AC:  2    Str: 10    XL:     1   Next: 83%
Magic:  2/3        EV: 12    Int: 14    God:
Gold:   21         SH:  0    Dex: 13    Spells: 3/4 levels left

rFire   . . .      SeeInvis .      - Unarmed
rCold   . . .      Faith    .    (no shield)
rNeg    . . .      Spirit   .    a - +0 robe
rPois   .          Reflect  .    (helmet currently unavailable)
rElec   .          Harm     .    (no cloak)
rCorr   .          Rampage  .    (no gloves)
Will    .....                    (boots currently unavailable)
Stlth   +                        (no amulet)
HPRegen 0.22/turn                (no ring)
MPRegen 0.08/turn                (no ring)

@: appendages (expiring)
A: horns 2, talons 2
a: End Transformation


You were on level 1 of the Dungeon.
You had temporarily grown beastly horns and talons.
You visited 1 branch of the dungeon, and saw 1 of its levels.

You collected 21 gold pieces.


Innate Abilities, Weirdness & Mutations

You have temporarily grown beastly horns and talons.


   Skills:
 - Level 1.0 Fighting
 - Level 1.7 Dodging
 + Level 2.8 Unarmed Combat
 + Level 2.1 Spellcasting
 * Level 2.1 Transmutations


You had 3 spell levels left.
You knew the following spells:

 Your Spells              Type           Power      Damage    Failure   Level
a - Beastly Appendage     Tmut           14%        N/A       10%         1

Your spell library contained the following spells:

 Spells                   Type           Power      Damage    Failure   Level
 Wereblood                Tmut           7%         N/A       14%         2
 Spider Form              Tmut/Pois      4%         N/A       41%         3
 Ice Form                 Ice/Tmut       4%         N/A       83%         4

Inventory:

Missiles
 d - 7 stones
 e - 2 poisoned darts
Armour
 a - a +0 robe (worn)
Scrolls
 f - a scroll of silence {unknown}
 g - a scroll of immolation {unknown}
Potions
 b - a potion of lignification {!q}
 c - a potion of heal wounds {unknown}

Dungeon Overview and Level Annotations

Branches:
Dungeon (1/15) Zot: 5591

Altars:

Shops:
D:1

[(
..#..###...####+#+###.
#### ###..#
#.#.........# #... #..
#.#.........# +... #
#.#.........# #...
#.#.........# ####
#.........# #
#.......... #
#...##+###. ### #@..#
#.. #.....†)J.# #..
#.......### #..
+.......+ .....
#.......# ###..
......... #..
#####...# ### .....


You could see an endoplasm.


Message History

An endoplasm is nearby!
A rat comes into view.
Casting: Beastly Appendage (safe; 11% risk of failure)
Confirm with . or Enter, or press ? or * to list all spells.
You grow a pair of large bovine horns.
Your feet morph into talons.
The endoplasm hits you. 😕 HP[-1] MP[-1]
You take 1 damage, and now have 14/15 hp.
You lost 1 mp, and now have 2/3 mp.
You hit the endoplasm. You claw the endoplasm.
You kill the endoplasm!
Your transformation is almost over.
The rat bites you. 😕 HP[-1]
You take 1 damage, and now have 13/15 hp.
A rat is nearby!
You barely miss the rat. You claw the rat.
You kill the rat!
No target in view! 😕 HP[+1]
Your horns disappear.
Your talons disappear.
There is an entrance to Iveg's Antique Armour Shoppe here.
You open the door.
There is an open door here.
A rat comes into view. 😎 HP[+1] MP[+1]
Your hp is fully restored (15).
Your mp is fully restored (3).
Casting: Beastly Appendage (safe; 11% risk of failure)
Confirm with . or Enter, or press ? or * to list all spells.
You miscast Beastly Appendage.
You are very lightly contaminated with residual magic.
Nothing appears to happen. 😎 MP[-1]
You lost 1 mp, and now have 2/3 mp.
The rat barely misses you.
You hit the rat.
You kill the rat!
Your Transmutations skill increases to level 2!
No target in view!
No target in view!
No target in view!
No target in view!
Your magical contamination has completely faded away.
There is an entrance to Iveg's Antique Armour Shoppe here.
g - a scroll labelled QENOTO YJET 😎 MP[+1]
Your mp is fully restored (3).
Unknown command.
A goblin comes into view. It is wielding a +0 dagger.
The goblin shouts!
You hear a shout!
A hobgoblin comes into view.
There are monsters nearby!
There are monsters nearby!
An endoplasm comes into view.
Casting: Beastly Appendage (safe; 11% risk of failure)
Confirm with . or Enter, or press ? or * to list all spells.
You grow a pair of large bovine horns.
Your feet morph into talons.
Your transformation is almost over. 😎 MP[-1]
You lost 1 mp, and now have 2/3 mp.
You barely miss the hobgoblin. You claw the hobgoblin.
The goblin hits you with a +0 dagger. The hobgoblin closely misses you.
You hit the hobgoblin but do no damage. The goblin completely misses you.
The hobgoblin closely misses you. 😕 HP[-3]
You take 3 damage, and now have 12/15 hp.
You hit the hobgoblin.
You kill the hobgoblin!
The endoplasm barely misses you. The goblin closely misses you.
You hit the goblin. Your headbutt misses the goblin.
The endoplasm barely misses you.
The goblin hits you with a +0 dagger. 😮 HP[-1]
You take 1 damage, and now have 11/15 hp.
You completely miss the goblin. Your headbutt misses the goblin.
The endoplasm freezes you.
You are frozen.
* * * LOW HITPOINT WARNING * * *
The goblin barely misses you.
You are too injured to fight recklessly! 😨 HP[-4]
You take 4 damage, and now have 7/15 hp.
MASSIVE DAMAGE!! (PAUSE)
You are too injured to fight recklessly!
You are too injured to fight recklessly!
You closely miss the goblin. You claw the goblin, but do no damage.
Your headbutt misses the goblin. The endoplasm hits you.
* * * LOW HITPOINT WARNING * * *
The goblin hits you with a +0 dagger.
* * * LOW HITPOINT WARNING * * *
😱 HP[-5]
You take 5 damage, and now have 2/15 hp.
MASSIVE DAMAGE!! (PAUSE)
You closely miss the goblin. You claw the goblin.
You kill the goblin!
The endoplasm barely misses you.
Unknown command.
You hit the endoplasm. You claw the endoplasm. The endoplasm freezes you.
You are frozen.
You die...

Skill      XL: |  1 |
---------------+----+-----
Transmutations | 2 |  2.1
Fighting       | |  1.0
Dodging        | |  1.7
Unarmed Combat | |  2.8
Spellcasting   | |  2.1

Action                   || total
-------------------------++-------
Melee: Unarmed           ||    14
       Kick              ||     7
 Cast: Beastly Appendage ||     3
Armor: Robe              ||     1
Dodge: Dodged            ||    13

Levels and vault maps discovered:
D:1:      elethiomel_arrival_infinity_welcomes_careful_drivers, layout_basic,
          serial_shops, shop_coins, nicolae_shop_advertising_works
          [nicolae_subvault_shop_adworks], shop_fountains,
          ebering_ecumenical_altar_abandoned

Notes
Turn   | Place    | Note
-------+----------+-------------------------------------------
     0 | D:1      | kae the Demonspawn Transmuter began the quest for the Orb.
     0 | D:1      | Reached XP level 1. HP: 15/15 MP: 3/3
     0 | D:1      | magus.rc [v1.11.3]
   321 | D:1      | Found Ihoump's Weapon Emporium.
   328 | D:1      | Found Iveg's Antique Armour Shoppe.
   375 | D:1      | Reached skill level 2 in Transmutations
   406 | D:1      | HP: 2/15 [goblin/+0 dagger (4)]
   408 | D:1      | Frozen to death by an endoplasm

Vanquished Creatures
  A bat (D:1)
  An endoplasm (D:1)
  A goblin (D:1)
  A hobgoblin (D:1)
  2 rats (D:1)
6 creatures vanquished.

Table legend:
 A = Non-vault XP
 B = Vault XP
 C = Vault XP percentage of total XP
 D = Non-vault monster count
 E = Vault monster count
 F = Vault count percentage of total count
                 A         B        C        D         E       F
            +---------+---------+-------+---------+---------+-------
      Total |      10 |       0 |   0.0 |       6 |       0 |   0.0
            +---------+---------+-------+---------+---------+-------
        D:1 |      10 |       0 |   0.0 |       6 |       0 |   0.0
            +---------+---------+-------+---------+---------+-------

Illustrated notes

Table legend:
 A = Kills in this place as a percentage of kills in entire the game.
 B = Kills by you in this place as a percentage of kills by you in the entire game.
 C = Kills by friends in this place as a percentage of kills by friends in the entire game.
 D = Other kills in this place as a percentage of other kills in the entire game.
 E = Experience gained in this place as a percentage of experience gained in the entire game.
 F = Experience gained in this place divided by the number of levels of this place that you have seen.
                   A       B       C       D       E      F
               +-------+-------+-------+-------+-------+----------------------
         Total | 100.0 | 100.0 |   N/A |   N/A | 100.0 |  10.0
       Dungeon | 100.0 | 100.0 |   N/A |   N/A | 100.0 |  10.0
               +-------+-------+-------+-------+-------+----------------------

Table legend: (Time is in decaauts)
 A = Elapsed time spent in this place.
 B = Non-inter-level travel time spent in this place.
 C = Inter-level travel time spent in this place.
 D = Time resting spent in this place.
 E = Time spent auto-exploring this place.
 F = Levels seen in this place.
 G = Mean time per level.
                   A        B        C        D        E       F      G
               +--------+--------+--------+--------+--------+-----+--------+
         Total |    407 |    407 |      0 |      0 |    358 |   1 |  407.0 |
       Dungeon |    407 |    407 |      0 |      0 |    358 |   1 |  407.0 |
               +--------+--------+--------+--------+--------+-----+--------+

Top non-repeatable levels by time:
     D:1: 407 daAuts
